 Dungeon Crawl Stone Soup version bcrawl-1.19.1 (webtiles) character file.

Game seed: 6623392517641508879

60 mahrnol the Conjurer (level 3, 0/19 HPs)
             Began as a Skeleton Conjurer on Dec 1, 2019.
             Slain by a jackal (2 damage)
             ... on level 1 of the Dungeon.
             The game lasted 00:10:08 (2070 turns).

mahrnol the Conjurer (Skeleton Conjurer)            Turns: 2070, Time: 00:10:09

Health: 0/19       AC:  2    Str: 14      XL:     3   Next: 82%
Magic:  0/8        EV: 12    Int: 13 (14) God:
Gold:   105        SH:  0    Dex:  9      Spells: 6/9 levels left

rFire    . . .     SeeInvis .   (no weapon)
rCold    + . .     Gourm    .   (no shield)
rNeg     + + +     Faith    .   a - +0 robe
rPois    ∞         Spirit   +   (no helmet)
rElec    .         Reflect  .   (no cloak)
rCorr    .         Harm     .   (no gloves)
MR       .....                  (no boots)
Stlth    ++........             (no amulet)
HPRegen  0.06/turn              (no ring)
MPRegen  0.11/turn              (no ring)

@: no status effects
A: no food or potions, cold resistance 1, deterioration 1, negative energy
resistance 3, torment resistance, unbreathing, magic shield, sturdy frame 1,
spell healing
a: no special abilities


You were on level 1 of the Dungeon.
You were not hungry.

You visited 1 branch of the dungeon, and saw 2 of its levels.

You collected 105 gold pieces.

Inventory:

Armour
 a - a +0 robe (worn)
Jewellery
 b - a +4 amulet of reflection {unknown}
Wands
 f - a wand of flame (15)
Scrolls
 c - a scroll of immolation {unknown}
 d - a scroll of fog {unknown}
 e - a scroll of remove curse {unknown}
 g - 3 scrolls of teleportation {unknown}


   Skills:
 + Level 2.2 Dodging
 + Level 2.7 Stealth
 + Level 3.7 Spellcasting
 + Level 6.0 Conjurations


You had 6 spell levels left.
You knew the following spells:

 Your Spells              Type           Power        Failure   Level  Hunger
a - Magic Dart            Conj           ###.         1%          1    N/A
b - Searing Ray           Conj           ###...       2%          2    N/A

Your spell library contained the following spells:

 Spells                   Type           Power        Failure   Level  Hunger
 Iskenderun's Mystic Bla  Conj           ###.....     5%          3    N/A
 Fulminant Prism          Conj/Hex       ##........   52%         4    N/A
 Irradiate                Conj/Tmut      ##........   86%         5    N/A

Dungeon Overview and Level Annotations

Branches:
Dungeon (2/12)

Altars:
Hepliaklqana
Vehumet

Annotations:
D:2 2 transporters


Innate Abilities, Weirdness & Mutations

You do not eat or drink.
You are immune to poison.
Your flesh is cold resistant. (rC+)
Your body sometimes deteriorates upon taking damage.
You are immune to negative energy. (rN+++)
You are immune to unholy pain and torment.
You can survive without breathing.
When hurt, damage is shared between your health and your magic reserves.
Your movements are slightly less encumbered by armour. (ER -2)
Casting spells heals you.


Message History

You climb upwards.
There is a stone staircase leading down here.
Casting: Magic Dart (safe; 1% risk of failure)
Confirm with . or Enter, or press ? or * to list all spells.
You don't have enough magic to cast that spell.
Unknown command.
The jackal bites you.
* * * LOW HITPOINT WARNING * * *
Casting: Magic Dart (safe; 1% risk of failure)
Confirm with . or Enter, or press ? or * to list all spells.
Aiming: Magic Dart (safe; 1% risk of failure)
Press: ? - help, Shift-Dir - straight line, f - jackal
Aim: a jackal (heavily wounded)
The magic dart hits the jackal.
The jackal is almost dead.
The jackal barely misses you. The jackal bites you.
* * * LOW HITPOINT WARNING * * *
The jackal bites you.
You die...

#...# # ##..## # #...#
# ##..# # #..# # ##.##
# #..# #
##.##############
###### #.>.....h@.....#
#....###############.##
'...............# #.#
#....##########.# #.#
#..........# #.# #.#
#..........# #.# #.#
..^........# #.# #.#
...........# #.# #.#
........†..# #.# #.#


You could see a jackal.

Vanquished Creatures
  2 worms (D:2)
  3 dart slugs (D:2)
  2 leopard geckos (D:2)
  4 bats
  A giant cockroach (D:2)
  4 goblins
  5 hobgoblins
  7 jackals (D:2)
  5 kobolds
  A quokka (D:2)
  A frilled lizard (D:1)
  6 rats
41 creatures vanquished.

Notes
Turn   | Place    | Note
-------+----------+-------------------------------------------
     0 | D:1      | mahrnol the Skeleton Conjurer began the quest for the Orb.
     0 | D:1      | Reached XP level 1. HP: 10/10 MP: 4/4
   108 | D:1      | Reached skill level 5 in Conjurations
   308 | D:1      | Reached XP level 2. HP: 15/15 MP: 3/6
   312 | D:1      | Learned a level 2 spell: Searing Ray
   874 | D:2      | Found a radiant altar of Vehumet.
   945 | D:2      | Found a transporter.
   947 | D:2      | Found a transporter.
   947 | D:2      | Noticed a crimson imp
  1007 | D:2      | Reached XP level 3. HP: 19/19 MP: 2/7
  1488 | D:2      | Found a hazy altar of Hepliaklqana.
  1967 | D:2      | Reached skill level 6 in Conjurations
  2070 | D:1      | Slain by a jackal

Skill      XL: |  1  2  3 |
---------------+----------+-----
Conjurations   | 5 6 |  6.0
Dodging        | |  2.2
Stealth        | |  2.7
Spellcasting   | |  3.7

Action                   || total
-------------------------++-------
Melee: Unarmed           ||    16
 Cast: Magic Dart        ||    90
       Searing Ray       ||    11
  Use: Scroll            ||     1
Armor: Robe              ||     9
Dodge: Dodged            ||    71
